 Dungeon Crawl Stone Soup version 0.18.1-8-gdd0e5ea (webtiles) character file.

200836 nikopol the Impaler (level 17, -14/173 HPs)
             Began as a Minotaur Berserker on June 4, 2016.
             Was the Champion of Trog.
             Demolished by an alligator snapping turtle (18 damage)
             ... on level 2 of the Shoals.
             The game lasted 03:06:21 (35502 turns).

nikopol the Impaler (Minotaur Berserker)           Turns: 35502, Time: 03:06:22

Health: -14/173    AC: 26    Str: 27    XL:     17   Next: 89%
Magic:  7/7        EV: 23    Int:  4    God:    Trog [******]
Gold:   3200       SH:  2    Dex: 21    Spells: 0 memorised, 16 levels left

rFire  . . .     SeeInvis .     x - +4 glaive (flame)
rCold  . . .     Gourm    .     E - +6 scale mail of the Morning {+Fly rElec MP-9 Dex+4}
rNeg   . . .     Faith    .     (shield currently unavailable)
rPois  +         Spirit   .     (helmet restricted)
rElec  +         Dismiss  .     R - +2 cloak
rCorr  .         Reflect  +     v - +2 pair of gloves
SustAt .         Harm     .     h - +1 pair of boots
MR     +....                    a - +2 amulet of reflection
Stlth  +.........               o - +5 ring of strength
                                d - ring of poison resistance

@: mesmerised, somewhat resistant to hostile enchantments, very unstealthy
A: retaliatory headbutt, horns 2, robust 1
a: Berserk, Trog's Hand, Brothers in Arms, Burn Spellbooks, Renounce Religion,
Evoke Flight
}: 1/15 runes: gossamer


You were on level 2 of the Shoals.
You worshipped Trog.
Trog was exalted by your worship.
You were very hungry.

You visited 5 branches of the dungeon, and saw 31 of its levels.
You visited the Abyss 1 time.
You also visited: Sewer, Ossuary, Ice Cave and Volcano.

You collected 3200 gold pieces.

Inventory:

Hand Weapons
 c - the +7 longbow "Qeushulo" {venom, +Fly rF+++ Int+6 Dex-2}
   (Trog gifted it to you on level 10 of the Dungeon)

   It poisons the ammo it fires.
   It affects your intelligence (+6).
   It affects your dexterity (-2).
   It renders you almost immune to fire.
   It lets you fly.
 k - a +6 antimagic bardiche
 x - a +4 glaive of flaming (weapon)
 L - a +3 longbow of flaming
 P - a +3 bardiche of chopping
Missiles
 Y - 270 arrows (quivered)
Armour
 h - a +1 pair of boots (worn)
 q - the +6 chain mail of Ymoofuck {rCorr MP+9 Dex-3 SInv, unknown}
   (You found it on level 1 of the Shoals)

   It affects your dexterity (-3).
   It affects your magic capacity (+9).
   It lets you see invisible.
   It protects you from acid and corrosion.
 v - a +2 pair of gloves (worn)
 E - the +6 scale mail of the Morning (worn) {+Fly rElec MP-9 Dex+4}
   (You found it on level 4 of the Dungeon)

   It affects your dexterity (+4).
   It insulates you from electricity.
   It affects your magic capacity (-9).
   It lets you fly.
 R - a +2 cloak (worn)
Jewellery
 a - a +2 amulet of reflection (around neck)
 d - a ring of poison resistance (left hand)
 o - a +5 ring of strength (right hand)
 s - an uncursed amulet of regeneration
 D - an uncursed ring of sustain attributes
 F - an uncursed ring of resist corrosion
 O - an uncursed ring of positive energy
 V - an uncursed ring of see invisible
Wands
 f - a wand of digging (7/24)
 n - a wand of teleportation (4/9)
 w - a wand of disintegration (19/24)
 A - a wand of flame (15/48)
 U - a wand of paralysis (1/24)
Scrolls
 g - 10 scrolls of magic mapping
 i - 5 scrolls of blinking
 p - 13 scrolls of remove curse
 y - 17 scrolls of teleportation
 H - 7 scrolls of fear
 I - 8 scrolls of fog
 J - 6 scrolls of recharging
 N - a scroll of identify
 W - 4 scrolls of enchant weapon
Potions
 b - 2 potions of cure mutation
 e - 3 potions of invisibility
 j - 4 potions of berserk rage
 l - 7 potions of flight
 m - 18 potions of curing
 r - 9 potions of might
 t - 3 potions of agility
 u - 3 potions of cancellation
 z - 6 potions of ambrosia
 B - 5 potions of brilliance
 C - 7 potions of heal wounds
 G - 6 potions of haste
 K - a potion of magic {unknown}
 Q - 6 potions of resistance
Comestibles
 M - 8 meat rations
 S - 2 beef jerkies
 T - 17 bread rations
 X - 20 fruits


   Skills:
 + Level 16.1 Fighting
 * Level 19.5 Polearms
 * Level 16.6 Bows
 + Level 15.4 Armour
 + Level 14.7 Dodging


You had 16 spell levels left.
You didn't know any spells.

Dungeon Overview and Level Annotations

Branches:
Dungeon (15/15)            Temple (0/1) D:5            Lair (8/8) D:11
 Shoals (2/4) Lair:3       Spider (4/4) Lair:3        Slime (0/6) Lair:7
    Orc (2/2) D:11            Elf (0/3) Orc:2        Vaults (0/5) D:13
 Depths (0/5) D:15

Altars:
Cheibriados
Gozag
Kikubaaqudgha
Makhleb
Nemelex Xobeh
Qazlal
Ru
Yredelemnul
Zin

Shops:
D:10 %   D:11 :   D:13 *   D:15 =   Orc:2 }*(%   Shoals:1 ?

Portals:
Hell: Lair:8
Pandemonium: Orc:2

Annotations:
Lair:6 Kirke


Innate Abilities, Weirdness & Mutations

You reflexively headbutt those who attack you in melee.
You have a pair of horns on your head.
You are robust (+10% HP).


Message History

You headbutt the tentacle, but do no damage. 2 harpies and a tentacle segment come into view.
Drink which item? (? for menu, Esc to quit)
You feel much better.
The harpy screeches!
The tentacle completely misses you. The tentacle slaps you.
* * * LOW HITPOINT WARNING * * *
The tentacle slaps you.
* * * LOW HITPOINT WARNING * * *
The tentacle barely misses you. x2; You furiously retaliate!
You headbutt the tentacle.
A harpy and a tentacle segment come into view.
The harpy screeches!
The tentacle closely misses you.
The tentacle slaps you but does no damage.
The tentacle slaps you!
* * * LOW HITPOINT WARNING * * *
The tentacle misses you.
A tentacle rises from the water!
The alligator snapping turtle bites you from afar!!
You die...

............≈≈≈≈≈≈≈≈≈≈≈
..≈≈≈..$.##..≈.≈≈≈≈≈≈≈≈
...≈.....#.....≈≈≈≈≈≈≈≈
%......≈....≈..≈≈≈≈≈≈≈≈
......}.†......≈≈≈≈≈≈≈≈
....?.Λtm(......≈≈≈≈≈≈≈
...../Λ\#####...≈≈≈≈≈..
....││www.....<.≈≈≈≈...
..≈≈≈││@.......[≈≈...##
.≈≈m≈Xw........[.....#
≈≈≈≈H≈Ht........###..#
≈≈≈≈H≈≈.?.......# #..
≈≈≈≈≈≈≈.........# .
.≈≈≈≈≈......≈≈...
..≈≈≈.≈≈....≈..≈≈
......≈≈....≈..


You could see a kraken, 2 alligator snapping turtles, a merfolk avatar, a
merfolk, 4 tentacles and 3 harpies.

Vanquished Creatures
  A bone dragon (Abyss:2)
  Rupert (Lair:3)
  A kraken (Shoals:1)
  A tentacled starspawn (Abyss:2)
  7 ghost moths
  6 emperor scorpions (Spider:4)
  An orc warlord (D:11)
  A spark wasp (Spider:1)
  A dire elephant (Lair:8)
  Snorg (Lair:3)
  A merfolk impaler (Shoals:1)
  A fire dragon (D:15)
  An ice dragon (D:15)
  A great orb of eyes (Abyss:2)
  4 entropy weavers
  Fannar (Lair:3)
  8 hydras
  Erica (D:9)
  A centaur warrior (D:14)
  An ogre mage (D:15)
  An alligator snapping turtle (Shoals:2)
  A death yak (Lair:8)
  A tengu warrior (D:12)
  Urug (D:15)
  2 thrashing horrors (Abyss:2)
  5 orc high priests (Orc:2)
  Nergalle (Lair:2)
  2 deep elf knights
  5 sea snakes
  An unseen horror (shapeshifter) (D:15)
  10 skeletal warriors
  2 unseen horrors
  An infernal demonspawn (Orc:2)
  5 hill giants
  A putrid demonspawn (Orc:2)
  6 orc knights
  6 harpies
  17 orb spiders
  2 wizards
  A necromancer (Spider:2)
  3 oklob plants (Lair:7)
  9 orc sorcerers
  5 griffons
  5 deep elf magi (D:13)
  4 cyclopes
  3 manticores
  34 wolf spiders
  9 ugly things
  A worldbinder (Abyss:2)
  2 sixfirhies
  2 moths of wrath
  A centaur zombie (D:12)
  2 ice statues (IceCv)
  3 sirens
  3 gargoyles
  5 elephants
  7 centaur skeletons
  Psyche (D:9)
  15 spiny frogs
  2 torpor snails (Spider:2)
  7 black mambas
  A smoke demon (Lair:8)
  3 orange demons
  2 rime drakes (Lair:8)
  11 komodo dragons
  3 yaktaurs (D:13)
  A kobold demonologist (D:15)
  A hellwing (Lair:8)
  11 demonic crawlers
  3 red devils
  2 tengu conjurers (D:15)
  5 ice devils
  44 jumping spiders
  9 trolls
  5 merfolk
  3 two-headed ogres
  4 large abominations (Abyss:2)
  3 slime creatures (D:13)
  2 snapping turtles (Shoals:1)
  10 blink frogs
  6 starcursed masses (Abyss:2)
  86 redbacks
  A spriggan (shapeshifter) (D:13)
  2 shadows
  3 wraiths
  3 wyverns
  35 tarantellas
  41 yaks
  A water elemental (Shoals:1)
  3 ynoxinuls
  10 hippogriffs
  3 basilisks
  3 chaos spawn (Orc:2)
  A hippogriff (shapeshifter) (D:15)
  3 hungry ghosts
  3 hogs
  3 vampire mosquitoes (D:13)
  A mottled dragon (D:15)
  3 wargs
  A soldier ant (D:14)
  10 water moccasins
  4 hell hounds
  13 porcupines
  A spiny frog skeleton (Abyss:2)
  44 orc warriors
  2 phantoms
  9 ice beasts
  5 sky beasts
  An eye of draining (D:8)
  5 black bears
  2 wasps
  2 necrophages
  23 ogres
  8 wolves
  A centaur (D:8)
  11 crocodiles
  25 giant frogs
  5 big kobolds
  3 gnoll sergeants (D:11)
  A small abomination (Abyss:2)
  2 water moccasin zombies (Ossuary)
  2 wyvern skeletons
  3 scorpions
  4 killer bees (D:13)
  17 wights
  2 electric eels
  A howler monkey (D:5)
  8 crimson imps
  5 lava snakes (Volcano)
  A quasit (D:11)
  2 giant frog zombies
  A gnoll shaman (D:10)
  4 jellies
  24 orc wizards
  3 giant frog skeletons
  37 orc priests
  4 hounds
  13 iguanas
  12 worker ants
  6 hell rats (Lair:4)
  5 sheep (Shoals:1)
  4 big kobold zombies (Ossuary)
  2 hound skeletons
  2 mummies (Ossuary)
  A worker ant zombie (D:8)
  9 gnolls
  50 river rats
  25 adders
  A shadow imp (D:5)
  13 white imps
  An ufetubus (Abyss:2)
  3 oozes
  4 adder zombies (Ossuary)
  4 adder skeletons
  4 worms
  3 dart slugs
  6 giant geckos
  117 orcs
  12 ball pythons
  8 giant cockroaches
  2 gnoll zombies (Ossuary)
  11 goblins
  6 hobgoblins
  11 jackals
  3 quokkas
  16 bats
  2 giant cockroach zombies
  A giant gecko skeleton (D:5)
  A giant gecko zombie (D:6)
  12 giant newts
  A goblin zombie (D:4)
  3 hobgoblin zombies (Ossuary)
  A jackal skeleton (D:7)
  10 kobolds
  3 kobold zombies (Ossuary)
  7 orc zombies (Ossuary)
  2 quokka skeletons
  33 rats
  A rat zombie (D:4)
  A bush (Lair:1)
  3 butterflies (D:5)
  12 fungi
  8 plants
  A starspawn tentacle (Abyss:2)
  5 tentacles
1326 creatures vanquished.

Vanquished Creatures (collateral kills)
  An apocalypse crab (Abyss:2)
  A neqoxec (Abyss:2)
  A hell hound (Abyss:2)
3 creatures vanquished.

Vanquished Creatures (others)
  A cyclops (Orc:2)
  A centaur (Shoals:1)
  11 fungi
  2 plants (D:11)
  A starspawn tentacle (Abyss:2)
  16 tentacles
  631 tentacle segments
663 creatures vanquished.

Grand Total: 1992 creatures vanquished

Notes
Turn   | Place    | Note
--------------------------------------------------------------
     0 | D:1      | nikopol the Minotaur Berserker began the quest for the Orb.
     0 | D:1      | Reached XP level 1. HP: 19/19 MP: 0/0
   231 | D:1      | Reached XP level 2. HP: 27/27 MP: 1/1
   421 | D:1      | Reached ** piety under Trog
   442 | D:1      | Reached XP level 3. HP: 33/33 MP: 2/2
   678 | D:2      | Reached skill level 4 in Polearms
   706 | D:2      | Found an ancient bone altar of Kikubaaqudgha.
  1025 | D:2      | Reached XP level 4. HP: 35/40 MP: 3/3
  1128 | D:2      | Found a snail-covered altar of Cheibriados.
  1229 | D:2      | Found a sacrificial altar of Ru.
  1681 | D:3      | Reached *** piety under Trog
  1700 | D:3      | Reached XP level 5. HP: 37/47 MP: 4/4
  1957 | D:3      | Noticed a necrophage
  1969 | D:3      | Killed a necrophage
  1969 | D:3      | Reached skill level 5 in Fighting
  2159 | D:4      | Reached skill level 5 in Polearms
  2159 | D:4      | Reached XP level 6. HP: 55/55 MP: 5/5
  2206 | D:4      | Found a sand-covered staircase.
  2220 | Ossuary  | Entered an ossuary
  2297 | Ossuary  | Reached skill level 5 in Armour
  2378 | Ossuary  | Reached XP level 7. HP: 61/61 MP: 6/6
  2520 | D:4      | Got a dazzling scale mail
  2531 | D:4      | Identified the +6 scale mail of the Morning {+Fly rElec MP-9 Dex+4} (You found it on level 4 of the Dungeon)
  2710 | D:4      | Reached skill level 6 in Polearms
  3171 | D:5      | Entered Level 5 of the Dungeon
  3241 | D:5      | Reached **** piety under Trog
  3250 | D:5      | You fall through a shaft for 3 floors!
  3254 | D:8      | Reached skill level 5 in Dodging
  3261 | D:8      | Reached XP level 8. HP: 70/70 MP: 0/7
  3417 | D:8      | Received a gift from Trog
  3509 | D:8      | Reached skill level 7 in Polearms
  3739 | D:6      | Found a glowing drain.
  3749 | Sewer    | Entered a sewer
  3999 | Sewer    | Reached ***** piety under Trog
  4093 | Sewer    | Reached XP level 9. HP: 80/80 MP: 0/8
  4231 | D:6      | Received a gift from Trog
  4238 | D:6      | Reached skill level 8 in Polearms
  4371 | D:6      | Found a sparkling altar of Nemelex Xobeh.
  4371 | D:6      | Found an opulent altar of Gozag.
  5256 | D:5      | Found a staircase to the Ecumenical Temple.
  5324 | D:5      | Found a stormy altar of Qazlal.
  5861 | D:7      | Found a stormy altar of Qazlal.
  6031 | D:7      | Reached skill level 9 in Polearms
  6203 | D:8      | Received a gift from Trog
  6646 | D:8      | Found a glowing silver altar of Zin.
  6717 | D:8      | Found a basalt altar of Yredelemnul.
  6860 | D:9      | Noticed Erica
  6867 | D:9      | Killed Erica
  6867 | D:9      | Reached XP level 10. HP: 91/91 MP: 0/9
  7327 | D:9      | Noticed Psyche
  7334 | D:9      | Killed Psyche
  7421 | D:9      | Reached skill level 10 in Polearms
  7534 | D:9      | Reached skill level 10 in Fighting
  7642 | D:9      | You fall through a shaft!
  7642 | D:10     | Entered Level 10 of the Dungeon
  7781 | D:10     | Noticed a hill giant
  7787 | D:10     | Killed a hill giant
  7819 | D:10     | Found Feluos's Food Shop.
  8200 | D:10     | Received a gift from Trog
  8218 | D:10     | Got a shimmering longbow {god gift}
  8251 | D:10     | Identified Hikhlal's Handbook of Enthralling Stones
  8366 | D:10     | Identified the +7 longbow "Qeushulo" {venom, +Fly rF+++ Int+6 Dex-2} (Trog gifted it to you on level 10 of the Dungeon)
  8480 | D:11     | Noticed a hill giant
  8486 | D:11     | Killed a hill giant
  8486 | D:11     | Reached skill level 5 in Bows
  8535 | D:11     | Found a staircase to the Lair.
  8607 | D:11     | Found a burning altar of Makhleb.
  8639 | D:11     | Noticed a purple ugly thing
  8641 | D:11     | Noticed a purple ugly thing
  8645 | D:11     | Killed a purple ugly thing
  8650 | D:11     | Killed a purple ugly thing
  8650 | D:11     | Reached XP level 11. HP: 97/100 MP: 1/10
  8697 | D:11     | Found Zoff's Book Emporium.
  8766 | D:11     | Reached skill level 11 in Polearms
  8832 | D:11     | Found a staircase to the Orcish Mines.
  9038 | D:11     | Reached ****** piety under Trog
  9089 | D:11     | Noticed a hill giant
  9092 | D:11     | Noticed a wizard
  9092 | D:11     | Killed a hill giant
  9101 | D:11     | Received a gift from Trog
  9101 | D:11     | Killed a wizard
  9101 | D:11     | Reached skill level 10 in Armour
  9325 | Lair:1   | Entered Level 1 of the Lair of Beasts
 10212 | Lair:2   | Reached skill level 12 in Polearms
 10296 | Lair:2   | Found a dark tunnel.
 10304 | Volcano  | Entered a volcano
 10670 | Volcano  | Found a burning altar of Makhleb.
 10670 | Volcano  | Noticed an orc sorcerer
 10676 | Volcano  | Killed an orc sorcerer
 10918 | Volcano  | Reached skill level 10 in Dodging
 10918 | Volcano  | Reached XP level 12. HP: 96/109 MP: 2/11
 11240 | Lair:2   | Noticed Nergalle
 11245 | Lair:2   | Killed Nergalle
 11624 | Lair:2   | Noticed a seven-headed hydra
 11629 | Lair:2   | Killed a four-headed hydra
 11865 | Lair:3   | Noticed Fannar
 11879 | Lair:3   | Killed Fannar
 11879 | Lair:3   | Reached skill level 13 in Polearms
 12118 | Lair:3   | Received a gift from Trog
 12174 | Lair:3   | Noticed Rupert
 12186 | Lair:3   | Killed Rupert
 12261 | Lair:3   | Found a staircase to the Shoals.
 12454 | Lair:3   | Reached skill level 10 in Bows
 12462 | Lair:3   | Reached XP level 13. HP: 105/117 MP: 3/12
 12540 | Lair:3   | Noticed Snorg
 12549 | Lair:3   | Killed Snorg
 12637 | Lair:3   | Found a hole to the Spider Nest.
 13174 | Lair:4   | Reached skill level 14 in Polearms
 13627 | Lair:4   | Received a gift from Trog
 14236 | Lair:5   | Received a gift from Trog
 15342 | Lair:6   | Noticed Kirke
 16788 | Lair:7   | Found a staircase to the Slime Pits.
 16937 | Lair:7   | Reached skill level 15 in Polearms
 16949 | Lair:7   | Received a gift from Trog
 16987 | Lair:7   | Reached XP level 14. HP: 117/126 MP: 4/13
 17705 | Lair:8   | Entered Level 8 of the Lair of Beasts
 18049 | Lair:8   | Found a burning altar of Makhleb.
 18078 | Lair:8   | Received a gift from Trog
 18134 | Lair:8   | Found a gateway to Hell.
 18895 | Orc:1    | Entered Level 1 of the Orcish Mines
 18904 | Orc:1    | Noticed an orc warlord
 18930 | D:11     | Killed an orc warlord
 19691 | Orc:2    | Entered Level 2 of the Orcish Mines
 19743 | Orc:2    | Found a staircase to the Elven Halls.
 19746 | Orc:2    | Received a gift from Trog
 20118 | Orc:2    | Received a gift from Trog
 20174 | Orc:2    | Found Ceen Keo's Food Shoppe.
 20182 | Orc:2    | Found Ilore's General Store.
 20244 | Orc:2    | Received a gift from Trog
 20476 | Orc:2    | Reached skill level 16 in Polearms
 20484 | Orc:2    | Received a gift from Trog
 20864 | Orc:2    | Paralysed by an orc sorcerer for 4 turns
 20873 | Orc:2    | Received a gift from Trog
 21078 | Orc:2    | Reached XP level 15. HP: 118/136 MP: 5/14
 21143 | Orc:2    | Found Vumyts's Antique Weapon Shop.
 21143 | Orc:2    | Found Cehopp's Gadget Boutique.
 21143 | Orc:2    | Found a one-way gate leading to the halls of Pandemonium.
 21248 | Orc:2    | Received a gift from Trog
 21727 | Orc:2    | Paralysed by an orc sorcerer for 3 turns
 23148 | D:13     | Received a gift from Trog
 23392 | D:13     | Found a gate to the Vaults.
 23663 | D:13     | Found Qeiniy's Assorted Antiques.
 23992 | D:13     | Received a gift from Trog
 24056 | D:13     | Received a gift from Trog
 24250 | D:14     | Found a frozen archway.
 24292 | IceCv    | Entered an ice cave
 24302 | IceCv    | Received a gift from Trog
 24573 | D:14     | Reached skill level 17 in Polearms
 25883 | D:15     | Entered Level 15 of the Dungeon
 26097 | D:15     | Found Xag Doug's Jewellery Boutique.
 26729 | D:15     | Found a staircase to the Depths.
 27042 | D:15     | Noticed Urug
 27050 | D:15     | Killed Urug
 27180 | D:15     | Cast into level 2 of the Abyss (an ogre mage)
 27180 | Abyss:2  | Found a corrupted altar of Lugonu.
 27210 | Abyss:2  | Reached XP level 16. HP: 146/146 MP: 6/15
 27221 | Abyss:2  | Noticed a bone dragon
 27231 | Abyss:2  | Killed a bone dragon
 27249 | Abyss:2  | Paralysed by you for 6 turns
 27334 | Abyss:2  | Noticed a tentacled starspawn
 27339 | Abyss:2  | Killed a tentacled starspawn
 27551 | Abyss:2  | Received a gift from Trog
 27557 | D:15     | Escaped the Abyss
 27894 | Spider:1 | Entered Level 1 of the Spider Nest
 28121 | Spider:1 | Reached skill level 15 in Fighting
 28512 | Spider:1 | Reached skill level 15 in Bows
 28916 | Spider:1 | Reached skill level 18 in Polearms
 29645 | Spider:2 | Received a gift from Trog
 29970 | Spider:2 | Gained mutation: You are robust (+10% HP). [potion of beneficial mutation]
 31341 | Spider:3 | Received a gift from Trog
 31724 | Spider:3 | Reached XP level 17. HP: 171/171 MP: 7/16
 32065 | Spider:4 | Entered Level 4 of the Spider Nest
 32345 | Spider:4 | Received a gift from Trog
 32881 | Spider:4 | Reached skill level 19 in Polearms
 33115 | Spider:4 | Got a gossamer rune of Zot
 33175 | Spider:4 | Reached skill level 15 in Armour
 33579 | Spider:4 | Received a gift from Trog
 34491 | Shoals:1 | Entered Level 1 of the Shoals
 34521 | Shoals:1 | Found Gelil's Magic Scroll Boutique.
 34977 | Shoals:1 | Noticed a kraken
 34992 | Shoals:1 | Killed a kraken
 35359 | Shoals:1 | Got a jasper-encrusted chain mail
 35470 | Shoals:2 | Received a gift from Trog
 35471 | Shoals:2 | Noticed a kraken
 35500 | Shoals:2 | HP: 1/173 [alligator snapping turtle (37)]
 35502 | Shoals:2 | Demolished by an alligator snapping turtle

Skill      XL: |  1  2  3  4  5  6  7  8  9 10 11 12 13 14 15 16 17 |
---------------+----------------------------------------------------+-----
Fighting       | 4 5 6 8 9 10 11 12 13 14 15 16 | 16.1
Armour         | 3 4 5 6 7 8 9 10 11 12 13 14 15 | 15.4
Polearms       | 4 5 6 7 9 10 12 13 15 16 17 18 19 | 19.5
Dodging        | 3 4 5 6 8 9 10 11 12 13 14 | 14.7
Bows           | 2 5 8 10 11 13 14 15 16 | 16.6

Action                   |  1- 3 |  4- 6 |  7- 9 | 10-12 | 13-15 | 16-18 || total
-------------------------+-------+-------+-------+-------+-------+-------++-------
Melee: Spear             |   104 |   243 |    44 |       |       |       ||   391
       Headbutt          |    10 |    44 |    99 |    90 |   200 |   178 ||   621
       Trident           |       |       |   456 |       |       |       ||   456
       Glaive            |       |       |     4 |   390 |   771 |   639 ||  1804
       Unarmed           |       |       |       |       |     6 |       ||     6
       Bardiche          |       |       |       |       |     3 |       ||     3
       Longbow           |       |       |       |       |       |     2 ||     2
 Fire: Shortbow          |       |       |     9 |    12 |       |       ||    21
       Longbow           |       |       |       |   128 |   662 |   359 ||  1149
Invok: Berserk           |       |       |     2 |     4 |    10 |     2 ||    18
       Burn Spellbooks   |       |       |     2 |     3 |     2 |     2 ||     9
       Trog's Hand       |       |       |       |       |     1 |     1 ||     2
       Brothers in Arms  |       |       |       |       |       |     1 ||     1
 Abil: Evoke Flight      |       |       |       |       |       |     1 ||     1
  Use: Scroll            |       |     2 |    10 |    20 |     8 |     4 ||    44
       Potion            |       |       |       |       |       |     4 ||     4
 Stab: Paralysed         |       |     2 |       |       |       |       ||     2
       Distracted        |       |       |     1 |       |       |       ||     1
       Invisible         |       |       |       |       |       |     2 ||     2
  Eat: Chunk             |       |     5 |    16 |    21 |    49 |    20 ||   111
       Royal jelly       |       |       |       |     1 |       |       ||     1
       Fruit             |       |       |       |       |     3 |       ||     3
       Pizza             |       |       |       |       |     4 |     4 ||     8
       Beef jerky        |       |       |       |       |     1 |     1 ||     2
Armor: Scale mail        |    27 |    61 |   130 |   118 |   226 |   334 ||   896
       Animal skin       |     1 |       |       |       |       |       ||     1
Dodge: Dodged            |    44 |    85 |   272 |   273 |   571 |   714 ||  1959
Block: Other             |       |       |       |       |    28 |    49 ||    77
       Reflection        |       |       |       |       |     2 |     3 ||     5
